 Dungeon Crawl Stone Soup version 0.29.1-15-g9cfb28693d (webtiles) character file.

Game seed: 11532676084646140670

557 Jase the Covered (level 7, -2/51 HPs)
             Began as a Gnoll Wanderer on Mar 31, 2023.
             Was a Believer of Dithmenos.
             Slain by Menkaure (13 damage)
             ... on level 5 of the Dungeon.
             The game lasted 00:20:27 (4873 turns).

Jase the Covered (Gnoll Wanderer)                   Turns: 4873, Time: 00:20:27

Health: -2/51      AC: 12    Str: 10    XL:     7   Next: 30%
Magic:  12/12      EV: 12    Int: 11    God:    Dithmenos [**....]
Gold:   156        SH:  5    Dex: 15    Spells: 9/13 levels left

rFire   + . .      SeeInvis .   a - +2 mace (protect)
rCold   + . .      Faith    .   (no shield)
rNeg    . . .      Spirit   .   i - +0 leather armour
rPois   .          Reflect  +   w - +0 helmet
rElec   .          Harm     .   z - scarf {rC+ rF+}
rCorr   .          Rampage  .   (no gloves)
Will    .....                   (no boots)
Stlth   +++.......              q - amulet of reflection
HPRegen 0.17/turn               (no ring)
MPRegen 0.13/turn               (no ring)

@: under a protective aura, wreathed by umbra
A: fangs 1, strong nose, distributed training
a: Renounce Religion, Shadow Step


You were on level 5 of the Dungeon.
You worshipped Dithmenos.
Dithmenos was pleased with you.
You visited 2 branches of the dungeon, and saw 6 of its levels.
You also visited: Ossuary.

You collected 264 gold pieces.
You spent 108 gold pieces at shops.

Inventory:

Hand Weapons
 a - a +2 mace of protection (weapon)
 r - a +0 sling
Missiles
 l - 29 stones
 m - 10 poisoned darts
Armour
 i - a +0 leather armour (worn)
 w - a +0 helmet (worn)
 z - a scarf of resistance (worn)
Jewellery
 q - an amulet of reflection (around neck)
Wands
 t - a wand of polymorph (15)
 x - a wand of quicksilver (8)
Scrolls
 b - a scroll of butterflies
 c - 2 scrolls of teleportation
 e - a scroll of enchant weapon
 f - a scroll of immolation
 j - a scroll of magic mapping {unknown}
 o - a scroll of amnesia {unknown}
 u - a scroll of enchant armour
 y - 2 scrolls of fear {unknown}
Potions
 d - 2 potions of curing
 g - 2 potions of invisibility {unknown}
 h - a potion of resistance
 k - a potion of cancellation {unknown}
 n - 4 potions of attraction {unknown}
 p - 2 potions of heal wounds {unknown}
 s - 3 potions of haste {unknown}
 v - a potion of mutation {unknown}


   Skills:
 + Level 2.5 Fighting
 + Level 2.5 Short Blades
 + Level 2.5 Long Blades
 + Level 2.5 Axes
 + Level 2.5 Maces & Flails
 + Level 2.5 Polearms
 + Level 2.5 Staves
 + Level 2.5 Ranged Weapons
 + Level 3.6 Throwing
 + Level 7.0 Armour
 + Level 2.5 Dodging
 + Level 3.5 Stealth
 + Level 2.5 Shields
 + Level 2.5 Unarmed Combat
 + Level 3.8 Spellcasting
 + Level 2.0 Conjurations
 + Level 2.0 Hexes
 + Level 2.0 Summonings
 + Level 2.0 Necromancy
 + Level 2.0 Translocations
 + Level 2.0 Transmutations
 + Level 2.0 Fire Magic
 + Level 5.8 Ice Magic
 + Level 2.0 Air Magic
 + Level 2.0 Earth Magic
 + Level 2.0 Poison Magic
 + Level 2.8 Invocations
 + Level 3.6 Evocations


You had 9 spell levels left.
You knew the following spells:

 Your Spells              Type           Power      Damage    Failure   Level
a - Freeze                Ice            60%        1d8       2%          1
b - Ozocubu's Armour      Ice            15%        N/A       9%          3

Your spell library contained the following spells:

 Spells                   Type           Power      Damage    Failure   Level
 Stone Arrow              Conj/Erth      12%        3d7       36%         3
 Airstrike                Air            3%         2d(1-17)  78%         4
 Animate Armour           Summ/Erth      12%        N/A       78%         4
 Summon Lightning Spire   Summ/Air       6%         N/A       78%         4
 Lightning Bolt           Conj/Air       3%         1d14      98%         5
 Lehudib's Crystal Spear  Conj/Erth      3%         10d2      100%        8


Dungeon Overview and Level Annotations

Branches:
Dungeon (5/15)             Temple (1/1) D:4         Ossuary (visited)

Altars:
Ashenzari
Dithmenos
Fedhas
Gozag
Hepliaklqana
Kikubaaqudgha
Makhleb
Nemelex Xobeh
Okawaru
Qazlal
Sif Muna
Trog
Uskayaw
Vehumet
Wu Jian
Xom
Yredelemnul

Shops:
D:2 (   D:3 *

Annotations:
D:4 16 exclusions
D:5 Menkaure


Innate Abilities, Weirdness & Mutations

You have very sharp teeth.
Your uncanny sense of smell can sniff out nearby items.
Your experience applies equally to all skills.


Message History

You finish putting on your scarf of resistance.
You feel resistant to extremes of temperature.
You open the door.
There is an open door here.
Menkaure, Prince of Dust comes into view.
Found a bubbling cyan potion.
Menkaure shouts!
You see here 2 stones.
Menkaure calls on the powers of darkness!
Your body is wracked with pain!
You start resting.
Menkaure is nearby!
Menkaure hits you but does no damage.
You hit Menkaure but do no damage.
Your weapon exudes an aura of protection.
Menkaure hits you but does no damage.
You hit Menkaure.
Menkaure is lightly damaged.
Menkaure barely misses you.
You closely miss Menkaure.
Menkaure is lightly damaged.
You block Menkaure's attack.
You barely miss Menkaure.
Menkaure is lightly damaged.
Menkaure hits you but does no damage.
You hit Menkaure.
Menkaure is lightly damaged.
You block Menkaure's attack.
You hit Menkaure but do no damage.
Menkaure is lightly damaged.
Menkaure hits you!
You barely miss Menkaure.
Menkaure is lightly damaged.
Menkaure calls on the powers of darkness!
Your body is wracked with pain!
* * * LOW HITPOINT WARNING * * *
You barely miss Menkaure.
Menkaure is lightly damaged.
Menkaure hits you!
You die...

# #....######.#### ∆
#.+...............
#.#......###....#. .
#........+......#.
....###.#.#....##.#'###.
...............#.#.# #.
#.#.#####.##..#.#.#.###.
..........##..#.........
###...M@####..#.###.####
###.#.# #..#.# #.# #
#.#.# ####.# #.# # # #(#
..# #.# # #.# ### #.. .
... #.. .. ##..# #..
##.# ..


You could see Menkaure.

Vanquished Creatures
  Sigmund (D:5)
  A kobold brigand (D:4)
  2 centaur zombies (Ossuary)
  A human zombie (Ossuary)
  An orc priest (D:4)
  2 mummies (Ossuary)
  3 adders
  A gnoll (D:1)
  5 worms
  3 dart slugs
  6 orcs
  5 ball pythons
  7 endoplasms
  A giant cockroach (D:4)
  10 goblins
  13 hobgoblins
  8 jackals
  5 kobolds
  6 quokkas
  13 bats
  5 frilled lizards
  3 goblin zombies
  13 hobgoblin zombies (Ossuary)
  3 jackal zombies (Ossuary)
  9 kobold zombies (Ossuary)
  6 orc zombies (Ossuary)
  6 rats
  2 rat zombies
141 creatures vanquished.

Vanquished Creatures (others)
  3 fungi (D:1)
  4 plants (D:1)
7 creatures vanquished.

Grand Total: 148 creatures vanquished

Notes
Turn   | Place    | Note
-------+----------+-------------------------------------------
     0 | D:1      | Jase the Gnoll Wanderer began the quest for the Orb.
     0 | D:1      | Jase set off with the following items: a +0 dagger, a
                  | scroll of butterflies, a scroll of teleportation, a +0
                  | chain mail; and the following spell memorised: Freeze; and
                  | the following spells available to memorise: Ozocubu's
                  | Armour.
     0 | D:1      | Reached XP level 1. HP: 13/13 MP: 4/4
   244 | D:1      | Reached XP level 2. HP: 17/19 MP: 5/5
   655 | D:1      | Found a faded altar of an unknown god.
   675 | D:1      | Reached XP level 3. HP: 25/25 MP: 7/7
  1008 | D:1      | Reached skill level 1 in Invocations
  1148 | D:1      | Reached skill level 1 in Fighting
  1148 | D:1      | Reached skill level 1 in Short Blades
  1148 | D:1      | Reached skill level 1 in Long Blades
  1148 | D:1      | Reached skill level 1 in Axes
  1148 | D:1      | Reached skill level 1 in Maces & Flails
  1148 | D:1      | Reached skill level 1 in Polearms
  1148 | D:1      | Reached skill level 1 in Staves
  1148 | D:1      | Reached skill level 1 in Ranged Weapons
  1148 | D:1      | Reached skill level 1 in Dodging
  1148 | D:1      | Reached skill level 1 in Shields
  1148 | D:1      | Reached skill level 1 in Unarmed Combat
  1557 | D:2      | Reached XP level 4. HP: 32/32 MP: 5/8
  1658 | D:2      | Found Naist's Antique Weapon Boutique.
  1707 | D:2      | Bought a runed mace for 108 gold pieces
  1973 | D:2      | Reached skill level 1 in Conjurations
  1973 | D:2      | Reached skill level 1 in Hexes
  1973 | D:2      | Reached skill level 1 in Summonings
  1973 | D:2      | Reached skill level 1 in Necromancy
  1973 | D:2      | Reached skill level 1 in Translocations
  1973 | D:2      | Reached skill level 1 in Transmutations
  1973 | D:2      | Reached skill level 1 in Fire Magic
  1973 | D:2      | Reached skill level 1 in Air Magic
  1973 | D:2      | Reached skill level 1 in Earth Magic
  1973 | D:2      | Reached skill level 1 in Poison Magic
  2835 | D:3      | Reached XP level 5. HP: 37/37 MP: 6/9
  2929 | D:3      | Found Sude's Assorted Antiques.
  3624 | D:4      | Found a staircase to the Ecumenical Temple.
  3637 | Temple   | Entered the Ecumenical Temple
  3642 | Temple   | Became a worshipper of Dithmenos the Shadowed
  3892 | D:4      | Found a sand-covered staircase.
  3908 | Ossuary  | Entered an ossuary
  4068 | Ossuary  | Reached * piety under Dithmenos
  4247 | Ossuary  | Reached XP level 6. HP: 41/44 MP: 9/11
  4484 | Ossuary  | Reached ** piety under Dithmenos
  4745 | D:5      | Entered Level 5 of the Dungeon
  4748 | D:5      | Noticed Sigmund
  4756 | D:5      | Killed Sigmund
  4757 | D:5      | Reached skill level 7 in Armour
  4757 | D:5      | Reached XP level 7. HP: 48/51 MP: 5/12
  4761 | D:5      | Learned a level 3 spell: Ozocubu's Armour
  4851 | D:5      | Noticed Menkaure
  4873 | D:5      | Slain by Menkaure

Illustrated notes

Levels and vault maps discovered:
D:1:      giann_horns, layout_loops_ring,
          shapermc_ecumenical_altar_mp_urbaneastern
D:2:      layout_loops_corners, serial_shops, nicolae_shop_stone
D:3:      layout_basic, serial_shops, shop_statue
D:4:      layout_cave_pools, minmay_temple_entry_hall, enter_ossuary_4
D:5:      layout_basic, uniq_sigmund, uniq_menkaure, uniq_ijyb, uniq_pikel
Temple:   sentei_temple_godly_chess

Skill      XL: |  1  2  3  4  5  6 |
---------------+-------------------+-----
Invocations    | 1 2 |  2.8
Fighting       | 1 2 |  2.5
Short Blades   | 1 2 |  2.5
Long Blades    | 1 2 |  2.5
Axes           | 1 2 |  2.5
Maces & Flails | 1 2 |  2.5
Polearms       | 1 2 |  2.5
Staves         | 1 2 |  2.5
Ranged Weapons | 1 2 |  2.5
Dodging        | 1 2 |  2.5
Shields        | 1 2 |  2.5
Unarmed Combat | 1 2 |  2.5
Spellcasting   | 3 |  3.8
Conjurations   | 1 2 |  2.0
Hexes          | 1 2 |  2.0
Summonings     | 1 2 |  2.0
Necromancy     | 1 2 |  2.0
Translocations | 1 2 |  2.0
Transmutations | 1 2 |  2.0
Fire Magic     | 1 2 |  2.0
Air Magic      | 1 2 |  2.0
Earth Magic    | 1 2 |  2.0
Poison Magic   | 1 2 |  2.0
Throwing       | 3 |  3.6
Evocations     | 3 |  3.6
Stealth        | 3 |  3.5
Armour         | 7 |  7.0
Ice Magic      | |  5.8

Action                   |  1- 3 |  4- 6 |  7- 9 || total
-------------------------+-------+-------+-------++-------
Melee: Dagger            |    61 |     2 |       ||    63
       Bite              |     6 |    27 |       ||    33
       Mace              |       |   211 |     8 ||   219
       Punch             |       |     4 |       ||     4
 Cast: Freeze            |    40 |    93 |       ||   133
  Use: Scroll            |       |     7 |       ||     7
 Stab: Sleeping          |     4 |    13 |       ||    17
Armor: Chain mail        |    41 |       |       ||    41
       Leather armour    |    11 |   104 |     3 ||   118
Dodge: Dodged            |    34 |   165 |     1 ||   200
Block: Other             |       |    56 |     2 ||    58
       Reflection        |       |     1 |       ||     1
